 Dungeon Crawl Stone Soup version 0.30-a0-55-g90e3122c3a (webtiles) character file.

Game seed: 1145835313735531931

0 IdlyInterested the Charlatan (level 1, -1/15 HPs)
             Began as a Demonspawn Artificer on Sept 9, 2022.
             Frozen to death by an endoplasm (5 damage)
             ... on level 1 of the Dungeon.
             The game lasted 00:00:25 (51 turns).

IdlyInterested the Charlatan (Demonspawn Artificer)   Turns: 51, Time: 00:00:26

Health: -1/15      AC:  4    Str: 12    XL:     1   Next: 8%
Magic:  1/1        EV: 11    Int: 12    God:
Gold:   0          SH:  0    Dex: 13    Spells: 0/0 levels left

rFire   . . .      SeeInvis .    a - +0 club
rCold   . . .      Faith    .    (no shield)
rNeg    . . .      Spirit   .    b - +0 leather armour
rPois   .          Reflect  .    (no helmet)
rElec   .          Harm     .    (no cloak)
rCorr   .          Rampage  .    f - +0 pair of gloves
Will    .....                    (no boots)
Stlth   +.........               (no amulet)
HPRegen 0.05/turn                (no ring)
MPRegen 0.07/turn                (no ring)

@: no status effects
A: no striking features
a: no special abilities


You were on level 1 of the Dungeon.
You visited 1 branch of the dungeon, and saw 1 of its levels.

Inventory:

Hand Weapons
 a - a +0 club (weapon)
Armour
 b - a +0 leather armour (worn)
 f - a +0 pair of gloves (worn)
Wands
 c - a wand of flame (15) (quivered)
 d - a wand of charming (15)
 e - a wand of iceblast (5)
Scrolls
 g - a scroll of vulnerability {unknown}


   Skills:
 * Level 1.0 Fighting
 + Level 1.7 Armour
 - Level 0.8 Dodging
 - Level 0.8 Stealth
 + Level 3.0 Evocations


You couldn't memorise any spells.
You didn't know any spells.
Your spell library was empty.

Dungeon Overview and Level Annotations

Branches:
Dungeon (1/15)

Altars:


Message History

The Orb of Zot is coveted for many reasons.
Will you seize it for your own?
Press ? for a list of commands and other information.
Found a staircase leading out of the dungeon.
Unknown command.
Found a pair of gloves.
You see here a +0 pair of gloves.
f - a +0 pair of gloves You start putting on your armour.
You continue putting on your +0 pair of gloves. x4
You finish putting on your +0 pair of gloves.
Found 5 stones.
g - a scroll labelled BUEQUR NOCUFUGRAU A rat comes into view.
Found a mace.
An endoplasm comes into view.
The endoplasm quivers.
The rat twitches its whiskers.
The rat closely misses you.
You see here a +0 mace.
You closely miss the rat. The rat bites you but does no damage.
You hit the rat but do no damage. The rat bites you.
You hit the rat but do no damage. The rat closely misses you.
You hit the rat.
The rat is heavily wounded.
The rat bites you. The rat barely misses you.
You closely miss the rat.
The rat is heavily wounded.
The endoplasm hits you. The rat barely misses you.
You closely miss the rat.
The rat is heavily wounded.
The endoplasm hits you. The rat bites you but does no damage.
You hit the rat.
You kill the rat!
The endoplasm freezes you.
You are frozen.
* * * LOW HITPOINT WARNING * * *
The endoplasm barely misses you.
You hit the endoplasm but do no damage. The endoplasm freezes you.
You are frozen.
You die...

.. .. .♣ .. #....♣. ..
#...#. ...#.. # ##
.......♣.♣... .. #
#.♣.♣.......♣.♣
####.....#...#....
#........#....♣....#..
#......(....#J..#.....
#.......♣.♣...@...♣. #
#............♣.♣......
#
#......#...#.....#...#
#
#........♣....#....♣..
#
#......#...#.....#...#
# #............♣.♣.....
####......♣.♣.......♣.♣
.....##.......#...#...
.######....#....♣.. .#


You could see an endoplasm.

Vanquished Creatures
  A rat (D:1)
1 creature vanquished.

Notes
Turn   | Place    | Note
-------+----------+-------------------------------------------
     0 | D:1      | IdlyInterested the Demonspawn Artificer began the quest for
                  | the Orb.
     0 | D:1      | Reached XP level 1. HP: 15/15 MP: 1/1
    51 | D:1      | Frozen to death by an endoplasm

Illustrated notes

Levels and vault maps discovered:
D:1:      scummos_arrival_hexagon, layout_basic,
          hellmonk_ecumenical_altar_run_dry, nicolae_kite_square_tiling_tiny

Action                   || total
-------------------------++-------
Melee: Club              ||     8
Armor: Leather armour    ||     2
Dodge: Dodged            ||     5

Table legend: (Time is in decaauts)
 A = Elapsed time spent in this place.
 B = Non-inter-level travel time spent in this place.
 C = Inter-level travel time spent in this place.
 D = Time resting spent in this place.
 E = Time spent auto-exploring this place.
 F = Levels seen in this place.
 G = Mean time per level.
                   A        B        C        D        E       F      G
               +--------+--------+--------+--------+--------+-----+--------+
         Total |     53 |     53 |      0 |      0 |     18 |   1 |   53.0 |
       Dungeon |     53 |     53 |      0 |      0 |     18 |   1 |   53.0 |
               +--------+--------+--------+--------+--------+-----+--------+

Top non-repeatable levels by time:
     D:1: 53 daAuts
